 Dungeon Crawl Stone Soup version 0.14-a0-1330-g3eed206 (webtiles) character file.

128 4tharraofdagon the Skirmisher (level 4, -4/40 HPs)
             Began as a Centaur Wanderer on Dec 6, 2013.
             Killed from afar by Blork the orc (8 damage)
             ... with a puff of flame
             ... on Level 4 of the Dungeon.
             The game lasted 00:02:28 (527 turns).

4tharraofdagon the Skirmisher (Centaur Wanderer)     Turns: 527, Time: 00:02:28

HP  -4/40        AC  7     Str 15      XL: 4   Next: 28%
MP   3/3         EV  7     Int 15      God:
Gold 41          SH  0     Dex 10      Spells:  0 memorised,  3 levels left

rFire  . . .     SeeInvis .     b - +0 falchion
rCold  . . .     Clarity  .     h - +2 ring mail
rNeg   . . .     Conserve .     (no shield)
rPois  .         rCorr    .     (no helmet)
rElec  .         rRot     .     (no cloak)
SustAb . .       Spirit   .     (no gloves)
rMut   .         Warding  .     (no barding)
Saprov . . .     Stasis   .     (no amulet)
                                (no ring)
                                (no ring)

@: brilliant, very slightly contaminated, glowing, very quick, slightly
resistant to hostile enchantments, extremely unstealthy
A: hooves 3, deformed body, herbivore 1, speed 2, fast metabolism 1, tough skin
3
a: no special abilities


You were on level 4 of the Dungeon.
You were not hungry.

You visited 1 branch of the dungeon, and saw 4 of its levels.

You collected 41 gold pieces.

Inventory:

Hand weapons
 b - a +0,+0 falchion (weapon)
 d - a +0,+0 dagger
Armour
 c - a +0 ring mail
 h - a +2 ring mail (worn)
Magical devices
 i - a wand of frost (7) {unknown}
Comestibles
 f - 3 bread rations
 g - a meat ration
 j - a choko
Scrolls
 e - 2 scrolls of identify {unknown}


   Skills:
 + Level 3.7 Fighting
 * Level 3.1 Long Blades
 - Level 1.3 Throwing
 + Level 1.6 Armour
 - Level 1.2 Stealth
   Level 1.0 Invocations


You had 3 spell levels left.
You didn't know any spells.

Dungeon Overview and Level Annotations

Branches:
Dungeon (4/16)
 Temple: D:4-7

Altars:
Okawaru

Annotations:
D:3 Grinder
D:4 4tharraofdagon's ghost, weakling SpEn; Blork the orc


Innate Abilities, Weirdness & Mutations

You have hooves in place of feet.
Armour fits poorly on your strangely shaped body.
You digest meat inefficiently.
You cover ground very quickly.
You have a fast metabolism.
You have extremely tough skin (AC +3).


Message History

Read which item? (? for menu, Esc to quit)
Okay, then.
Read which item? (? for menu, Esc to quit)
Blink to where?
Press: ? - help, Dir - move target cursor
As you read the scroll of blinking, it crumbles to dust.
You are very lightly contaminated with residual magic.
An adder comes into view.
The adder bites you but does no damage. Blork the orc casts a spell at you.
The magic dart hits you!
* * * LOW HITPOINT WARNING * * *
4tharraofdagon's ghost lets out a mournful wail.
Found an escape hatch in the ceiling.
The adder barely misses you.
There is an escape hatch in the ceiling here.
Unknown command.
Blork the orc points at you and mumbles some strange words.
The puff of flame hits you!
You die...

.......#### #.......#
.......'..###.......#
.......##...#.......#
.......####.........#
.......# ###..<....#
####'### ##.######
#...# #..# #.###
###+###### ##.#####
#..S@....# .......#
#........# .......#
#........# .......#
#sg.z....#
.....g.######........#
........aS.§p.o.)....#
.......######........#
.####### ######+### .


You could see Blork the orc, a scorpion, 4tharraofdagon's ghost, an adder, a
hobgoblin and a goblin skeleton.

Vanquished Creatures
  6 adders
  A giant mite (D:1)
  A bat (D:3)
  A giant cockroach (D:2)
  6 hobgoblins
  3 jackals (D:4)
  2 kobolds
  4 training dummies (D:2)
  2 goblins (D:2)
  2 rats (D:2)
28 creatures vanquished.

Notes
Turn   | Place    | Note
--------------------------------------------------------------
     0 | D:1      | 4tharraofdagon, the Centaur Wanderer, began the quest for the Orb.
     0 | D:1      | Reached XP level 1. HP: 19/19 MP: 1/1
    58 | D:1      | Reached XP level 2. HP: 26/26 MP: 2/2
   181 | D:2      | Reached XP level 3. HP: 25/31 MP: 3/3
   328 | D:2      | Found an iron altar of Okawaru.
   342 | D:2      | Reached XP level 4. HP: 15/38 MP: 3/3
   437 | D:3      | Noticed Grinder
   507 | D:4      | Noticed 4tharraofdagon's ghost (weakling SpEn)
   522 | D:4      | Noticed Blork the orc
   527 | D:4      | Killed from afar by Blork the orc

Action                   |  1- 3 |  4- 6 || total
-------------------------+-------+-------++-------
Melee: Falchion          |    70 |    27 ||    97
  Use: Potion            |     3 |     1 ||     4
       Scroll            |       |     1 ||     1
